 Dungeon Crawl Stone Soup version 0.16-a0-282-ga87e286 (webtiles) character file.

151 Johnny the Cudgeler (level 5, 0/63 HPs)
             Began as a Human Berserker on Aug 27, 2014.
             Was a Believer of Trog.
             Slain by Poody's ghost (6 damage)
             ... on Level 4 of the Dungeon.
             The game lasted 00:07:19 (2892 turns).

Johnny the Cudgeler (Human Berserker)               Turns: 2892, Time: 00:07:19

HP   0/63        AC  5     Str 23      XL: 5   Next: 59%
MP   5/5         EV 10     Int 14      God: Trog [**....]
Gold 129         SH  0     Dex 12      Spells:  0 memorised,  4 levels left

rFire  . . .     SeeInvis .     a - +0 mace
rCold  . . .     Clarity  .     h - +0 ring mail
rNeg   . . .     rCorr    .     (no shield)
rPois  .         rRot     .     (no helmet)
rElec  .         Spirit   .     (no cloak)
SustAb .         Warding  .     (no gloves)
rMut   .         Stasis   .     (no boots)
Gourm  .                        (no amulet)
MR     .....                    l - ring of stealth
                                r - +6 ring of intelligence

@: berserking (expiring), very quick, not resistant to hostile enchantments,
extremely unstealthy
A: no striking features
a: Burn Spellbooks, Berserk, Trog's Hand, Renounce Religion


You were on level 4 of the Dungeon.
You worshipped Trog.
Trog was pleased with you.
You were not hungry.

You visited 1 branch of the dungeon, and saw 4 of its levels.

You collected 129 gold pieces.

Inventory:

Hand weapons
 a - a +0 mace (weapon)
Armour
 b - a +0 animal skin
 h - a +0 ring mail (worn)
Comestibles
 c - 2 bread rations
 g - a beef jerky
 q - a chunk of worm flesh
 s - a chunk of giant newt flesh
Scrolls
 e - 2 scrolls of teleportation {unknown}
 i - 3 scrolls of identify {unknown}
 k - a scroll of fear {unknown}
 m - 2 scrolls of enchant armour {unknown}
 n - a scroll of enchant weapon {unknown}
 o - a scroll of recharging {unknown}
Jewellery
 d - an uncursed ring of fire
 l - a ring of stealth (right hand)
 r - a +6 ring of intelligence (left hand)
Potions
 f - 4 potions of curing {unknown}
 j - a potion of might {unknown}
 p - a potion of flight {unknown}


   Skills:
 + Level 3.8 Fighting
 + Level 4.3 Maces & Flails
 + Level 2.1 Armour
 + Level 3.4 Dodging


You had 4 spell levels left.
You didn't know any spells.

Dungeon Overview and Level Annotations

Branches:
Dungeon (4/15)
 Temple: D:4-7

Altars:
Kikubaaqudgha
Sif Muna

Annotations:
D:4 Poody's ghost, average MfGl


Message History

You miss Poody's ghost.
Poody's ghost is heavily damaged.
Poody's ghost hits you! The goblin hits you with a dagger.
You are too berserk!
You miss Poody's ghost.
Poody's ghost is heavily damaged.
Poody's ghost hits you!
* * * LOW HITPOINT WARNING * * *
You closely miss Poody's ghost.
Poody's ghost is heavily damaged.
The goblin hits you but does no damage. Poody's ghost hits you!
* * * LOW HITPOINT WARNING * * *
You closely miss Poody's ghost.
Poody's ghost is heavily damaged.
The goblin hits you with a dagger.
* * * LOW HITPOINT WARNING * * *
You closely miss Poody's ghost.
Poody's ghost is heavily damaged.
Poody's ghost hits you.
You die...

... .##
#.#### ....
#.#..
.....#.#.###
......#.#.#<#
.._.g.......#
..W...#...#.#
... #Wg#### .
#@....#
#..##<# ...#
# ...!#
######


You could see Poody's ghost and a goblin.

Vanquished Creatures
  A jelly (D:3)
  An orc wizard (D:3)
  An inept feature mimic (D:2)
  An adder (D:2)
  2 worms
  An adder skeleton (D:3)
  2 orcs (D:3)
  3 giant cockroaches
  7 hobgoblins
  4 jackals
  11 kobolds
  10 bats
  4 giant newts
  8 goblins
  7 rats
63 creatures vanquished.

Notes
Turn   | Place    | Note
--------------------------------------------------------------
     0 | D:1      | Johnny, the Human Berserker, began the quest for the Orb.
     0 | D:1      | Reached XP level 1. HP: 18/18 MP: 1/1
   192 | D:1      | Reached XP level 2. HP: 21/24 MP: 2/2
   635 | D:1      | Reached XP level 3. HP: 29/29 MP: 3/3
   985 | D:2      | Found a deep blue altar of Sif Muna.
  1270 | D:2      | Reached XP level 4. HP: 35/35 MP: 4/4
  1594 | D:3      | Reached skill level 4 in Maces & Flails
  1763 | D:3      | Acquired Trog's second power
  1768 | D:3      | Reached XP level 5. HP: 24/42 MP: 5/5
  2863 | D:4      | Found an ancient bone altar of Kikubaaqudgha.
  2865 | D:4      | Noticed Poody's ghost (average MfGl)
  2892 | D:4      | Slain by Poody's ghost

Action                   |  1- 3 |  4- 6 || total
-------------------------+-------+-------++-------
Melee: Mace              |    88 |   115 ||   203
Invok: Berserk           |     5 |     2 ||     7
 Stab: Sleeping          |       |     1 ||     1
  Eat: Chunk             |     5 |     8 ||    13
